 Dungeon Crawl Stone Soup version bcrawl-1.39.1 (webtiles) character file.

Game seed: 12255838596473061385

437884 Finalfun the Warrior (level 15, 0/141 HPs)
             Began as a Minotaur Berserker on Sept 20, 2023.
             Was an Elder of Trog.
             Killed from afar by an acid blob (7 damage)
             ... with a splash of acid
             ... on level 2 of the Pits of Slime.
             The game lasted 01:33:36 (27028 turns).

Finalfun the Warrior (Minotaur Berserker)          Turns: 27028, Time: 01:33:37

Health: 0/141      AC:  4    Str: 26      XL:     15   Next: 61%
Magic:  26/26      EV: 21    Int:  3 (4)  God:    Trog [****..]
Gold:   86         SH:  0    Dex: 25      Spells: 14/14 levels left

rFire    . . .     GDR:     44% W - +4 trident "Minotaur's Regret" {pain, rC+ Int+3 SInv}
rCold    + + .     SeeInvis +   (no shield)
rNeg     + + .     Gourm    .   R - +0 plate armour of Barnacled Amelioration {rN+ Int-4 Dex+10 SInv}
rPois    .         Faith    .   (helmet restricted)
rElec    .         Spirit   .   a - -1 cloak of the Moon {-Cast MP+9 Dex+4 Slay+2}
rCorr    .         Reflect  .   i - +2 pair of gloves
MR       +....     NoCast   +   N - +2 pair of boots
Stlth    ..........             (no amulet)
HPRegen  2.13/turn              z - ring of protection from cold
MPRegen  0.20/turn              S - ring of positive energy

@: corroded, regenerating
A: retaliatory headbutt, horns 2
a: Berserk, Trog's Hand, Brothers in Arms, Renounce Religion


You were on level 2 of the Pits of Slime.
You worshipped Trog.
Trog was greatly pleased with you.
You were not hungry.

You visited 5 branches of the dungeon, and saw 22 of its levels.

You collected 2133 gold pieces.
You spent 2047 gold pieces at shops.

Inventory:

Hand Weapons
 v - a +2 quarterstaff of protection
 M - a +4 antimagic lajatang
 U - a +5 quarterstaff of crushing
 W - the +4 trident "Minotaur's Regret" (weapon) {pain, rC+ Int+3 SInv}
   (You found it on level 9 of the Dungeon)

   In the hands of one skilled in necromantic magic, it inflicts extra damage on
   living creatures.
   It affects your intelligence (+3).
   It protects you from cold.
   It lets you see invisible.
Missiles
 t - 3236 sling bullets (quivered)
 X - 3383 arrows
Armour
 a - the -1 cloak of the Moon (worn) {-Cast MP+9 Dex+4 Slay+2}
   (You bought it in a shop on level 9 of the Dungeon)

   It affects your dexterity (+4).
   It affects your accuracy and damage with ranged weapons and melee attacks
   (+2).
   It affects your magic capacity (+9).
   It prevents spellcasting.
 i - a +2 pair of gloves (worn)
 N - a +2 pair of boots (worn)
 R - the +0 plate armour of Barnacled Amelioration (worn) {rN+ Int-4 Dex+10 SInv}
   (You bought it in a shop on level 9 of the Dungeon)

   It affects your intelligence (-4).
   It affects your dexterity (+10).
   It protects you from negative energy.
   It lets you see invisible.
Jewellery
 q - the ring "Raypeody" {Ice rElec}
   (You found it on level 4 of the Dungeon)

   [ring of ice]

   It enhances your ice magic.
   It makes you vulnerable to fire.
   It protects you from cold.
   It insulates you from electricity.
 r - an uncursed ring of insulation
 z - a ring of protection from cold (left hand)
 O - an uncursed ring of resist corrosion
 S - a ring of positive energy (right hand)
 T - a +4 ring of slaying
Wands
 p - a wand of polymorph (17)
 B - a wand of paralysis (16)
 F - a wand of random effects (11)
 H - a wand of acid (9)
 J - a wand of charming (6)
 K - a wand of flame (17)
Scrolls
 b - 3 scrolls of fear
 c - 5 scrolls of enchant weapon
 h - 3 scrolls of revelation
 s - 6 scrolls of remove curse
 w - 2 scrolls of noise {unknown}
 x - a scroll of blinking
 A - 11 scrolls of teleportation
 C - 2 scrolls of vulnerability
 D - 3 scrolls of enchant armour
 E - a scroll of silence
 G - a scroll of fog {unknown}
 Q - a scroll of immolation {unknown}
Potions
 d - 2 potions of flight
 f - 5 potions of degeneration {unknown}
 g - 7 potions of agility
 j - a potion of heal wounds
 k - 2 potions of invisibility {unknown}
 l - 6 potions of mutation
 m - 5 potions of haste
 n - a potion of resistance {unknown}
 o - 7 potions of lignification
 y - 4 potions of curing
 I - a potion of berserk rage {unknown}
 L - a potion of experience {unknown}
 P - a potion of might {unknown}
 Z - a potion of brilliance
Comestibles
 e - 26 rations {!d}


   Skills:
 + Level 15.4 Fighting
 - Level 12.0(14.7) Polearms
 - Level 14.4(16.0) Staves
 - Level 15.0 Armour
 - Level 15.0 Dodging
 - Level 2.0 Stealth
 - Level 4.0 Evocations


You had 14 spell levels left.
You didn't know any spells.
Your spell library was empty.

Dungeon Overview and Level Annotations

Branches:
Dungeon (12/12)            Temple (1/1) D:6            Lair (6/6) D:7
  Snake (0/3) Lair:2       Spider (0/3) Lair:3        Slime (2/5) Orc
    Orc (1/1) D:11            Elf (0/3) Lair:5       Vaults (0/3) D:11
 Depths (0/5) D:12

Altars:
Ashenzari
Cheibriados
Dithmenos
Elyvilon
Fedhas
Gozag
Hepliaklqana
Kikubaaqudgha
Lugonu
Makhleb
Nemelex Xobeh
Okawaru
Qazlal
Ru
Sif Muna
Trog
Uskayaw
Vehumet
Wu Jian
Xom
Yredelemnul
Zin
The Shining One
Jiyva

Shops:
D:4 *   D:8 (   D:9 [   Orc *(:[!

Annotations:
D:3 Grinder
Lair:3 exclusion: downstairs


Innate Abilities, Weirdness & Mutations

You reflexively headbutt those who attack you in melee.
You have a pair of horns on your head.


Message History

* * * LOW HITPOINT WARNING * * *
The acid corrodes you!
You are splashed with acid!
* * * LOW HITPOINT WARNING * * *
You feel much better. The acid blob hits you.
* * * LOW HITPOINT WARNING * * *
The acid corrodes you!
You are splashed with acid.
* * * LOW HITPOINT WARNING * * *
You feel much better. The acid blob hits you!
You are splashed with acid!
* * * LOW HITPOINT WARNING * * *
You feel better. The acid blob hits you!!
* * * LOW HITPOINT WARNING * * *
You are splashed with acid!
* * * LOW HITPOINT WARNING * * *
You hit the acid blob but do no damage.
Your hands burn!
* * * LOW HITPOINT WARNING * * *
You headbutt the acid blob, but do no damage.
The acid blob is moderately wounded.
The acid blob spits acid at you. The splash of acid hits you!
You die...

..#.#...........########+##.#+#
###.###.#.......# #. ####.# #
#.# ##+.......# #.# #.# #.#
#....##### #.# #. #.#
#.....#######.# # #.
##.....##.....##
##............##
##............# ######
##....@J.....# ##.....
.....#..........# ##......
................###.......
.P...............##........
................###........ #.
...#######.....## #........ #.#
... #...#.# #........ #.#
#...##. #........ #.# ##.......


You could see an acid blob.

Vanquished Creatures
  3 acid blobs
  2 azure jellies (Slime:2)
  An ettin (D:12)
  2 vault guards (D:11)
  10 hydras
  A catoblepas (D:12)
  A great orb of eyes (Slime:1)
  2 tengu warriors (D:12)
  A two-headed ogre (D:8)
  3 ancient automatons (Slime:1)
  An orc high priest (Orc)
  A deep troll (D:12)
  A deep elf knight (D:12)
  7 centaur warriors
  Nergalle (D:11)
  2 unseen horrors
  A cyclops (D:11)
  2 wolf spider zombies
  4 ugly things
  2 shining eyes (Slime:1)
  An orc knight (D:12)
  An orc sorcerer (Orc)
  3 manticores
  11 elephants
  19 cane toads
  9 black mambas
  3 rime drakes
  3 jumping spiders (Lair:3)
  An efreet (D:9)
  A yaktaur (shapeshifter) (D:11)
  A tengu conjurer (D:12)
  8 komodo dragons
  A dryad (D:7)
  2 trolls
  32 blink frogs
  3 hippogriffs
  5 tyrant leeches (Lair:6)
  A hornet (D:8)
  A harpy skeleton (D:11)
  Prince Ribbit (Lair:2)
  33 slime creatures
  A meliai zombie (D:10)
  5 dream sheep (Lair:6)
  4 shadows
  2 vampires
  3 fire bats (Lair:6)
  18 yaks
  A basilisk (Lair:6)
  3 wyverns
  4 hogs (D:12)
  3 golden eyes (Slime:1)
  6 vampire mosquitoes (Lair:6)
  A hungry ghost (D:9)
  3 redbacks (Lair:3)
  10 humans
  A steam dragon (D:10)
  2 wargs (Orc)
  Edmund (D:4)
  11 crocodiles
  13 water moccasins
  An acid dragon (Lair:4)
  Duvessa (D:5)
  7 porcupines
  A hornet zombie (D:8)
  3 sky beasts
  4 slaves (D:5)
  27 orc warriors
  A black bear (Lair:4)
  3 phantoms
  7 ice beasts
  10 ogres
  18 wolves
  22 bullfrogs
  5 kobold brigands
  A gnoll sergeant (D:8)
  18 centaurs
  Dowan (D:5)
  A scorpion (D:7)
  A statue (D:7)
  5 wights (D:9)
  A howler monkey (D:5)
  17 orc priests
  2 bullfrog zombies
  5 hounds
  A quasit (D:5)
  5 crimson imps
  3 jellies
  3 bullfrog skeletons
  13 orc wizards
  Ijyb (D:4)
  2 iguanas (D:5)
  8 worker ants
  2 hound zombies
  A hound skeleton (D:7)
  A howler monkey zombie (D:4)
  A howler monkey skeleton (D:4)
  6 gnolls
  16 adders
  2 shadow imps
  An ooze (D:2)
  An adder skeleton (D:4)
  2 worms (D:2)
  3 dart slugs
  4 leopard geckos
  71 orcs
  2 giant cockroaches
  7 hobgoblins
  2 jackals (D:9)
  A quokka (D:6)
  3 ball pythons
  4 bats (D:2)
  6 frilled lizards
  10 goblins
  25 kobolds
  3 rats
  A snaplasher vine (D:7)
653 creatures vanquished.

Vanquished Creatures (collateral kills)
  An orc warlord (Orc)
  3 slime creatures (Slime:1)
  6 yaks (Lair:4)
  2 orc warriors (Orc)
  2 orc priests (Orc)
  2 orc wizards (Orc)
  3 orcs (Orc)
19 creatures vanquished.

Vanquished Creatures (others)
  A human (D:11)
  An orc wizard (Orc)
  19 fungi
  47 plants
68 creatures vanquished.

Grand Total: 740 creatures vanquished

Notes
Turn   | Place    | Note
-------+----------+-------------------------------------------
     0 | D:1      | Finalfun the Minotaur Berserker began the quest for the
                  | Orb.
     0 | D:1      | Reached XP level 1. HP: 19/19 MP: 0/0
   252 | D:1      | Reached XP level 2. HP: 27/27 MP: 1/1
   530 | D:1      | Reached skill level 1 in Stealth
  1214 | D:2      | Reached XP level 3. HP: 33/33 MP: 2/2
  1303 | D:2      | Got a flickering lead ring
  1364 | D:2      | Reached ** piety under Trog
  2052 | D:3      | Reached XP level 4. HP: 36/40 MP: 3/3
  2123 | D:3      | Noticed a hippogriff
  2138 | D:3      | Killed a hippogriff
  2139 | D:3      | Reached skill level 5 in Fighting
  2139 | D:3      | Reached XP level 5. HP: 50/52 MP: 4/4
  2139 | D:3      | Reached XP level 6. HP: 58/60 MP: 5/5
  2351 | D:3      | Noticed Grinder
  2497 | D:4      | Got a smoking turquoise ring
  2824 | D:4      | Found an ancient bone altar of Kikubaaqudgha.
  2937 | D:4      | Reached XP level 7. HP: 58/66 MP: 6/6
  2987 | D:4      | Reached skill level 5 in Armour
  3034 | D:4      | Reached skill level 5 in Polearms
  3122 | D:4      | Reached *** piety under Trog
  3290 | D:4      | Found Foshy's Assorted Antiques.
  3298 | D:4      | Noticed Edmund
  3308 | D:4      | Killed Edmund
  3418 | D:4      | Noticed Ijyb
  3427 | D:4      | Killed Ijyb
  3694 | D:5      | Entered Level 5 of the Dungeon
  3700 | D:5      | Reached XP level 8. HP: 73/73 MP: 7/7
  3719 | D:5      | Noticed Dowan
  3720 | D:5      | Noticed Duvessa
  3726 | D:5      | Killed Dowan
  3733 | D:5      | Killed Duvessa
  4810 | D:6      | Found a staircase to the Ecumenical Temple.
  4818 | Temple   | Entered the Ecumenical Temple
  5125 | D:6      | Reached skill level 10 in Polearms
  5126 | D:6      | Reached XP level 9. HP: 83/83 MP: 8/8
  5231 | D:6      | Reached **** piety under Trog
  5667 | D:7      | Noticed a four-headed hydra
  5674 | D:7      | Killed a four-headed hydra
  5823 | D:7      | Lost intelligence.
  5823 | D:7      | Identified the cursed ring "Yshrisseewu" {*Slow rC++ Int-5
                  | Dex+3 Stlth--} (You found it on level 2 of the Dungeon)
  5829 | D:7      | Identified the cursed ring "Raypeody" {Ice rElec} (You
                  | found it on level 4 of the Dungeon)
  5987 | D:7      | Found a staircase to the Lair.
  5991 | D:7      | Noticed an elephant
  5991 | D:7      | Noticed a dryad
  6004 | D:7      | Reached skill level 1 in Staves
  6014 | D:7      | Killed an elephant
  6094 | D:7      | Reached XP level 10. HP: 64/91 MP: 9/9
  6278 | D:7      | Found a sacrificial altar of Ru.
  6602 | Lair:1   | Entered Level 1 of the Lair of Beasts
  6715 | Lair:1   | Noticed a cane toad
  6722 | Lair:1   | Killed a cane toad
  6723 | Lair:1   | Reached skill level 5 in Staves
  6876 | Lair:1   | Noticed a cane toad
  6887 | Lair:1   | Killed a cane toad
  7129 | Lair:1   | Reached skill level 10 in Armour
  7903 | Lair:2   | Reached XP level 11. HP: 95/97 MP: 10/10
  7954 | Lair:2   | Noticed Prince Ribbit
  7964 | Lair:2   | Killed Prince Ribbit
  7965 | Lair:2   | Reached skill level 10 in Staves
  8295 | Lair:2   | Reached ***** piety under Trog
  8441 | Lair:2   | Found a staircase to the Snake Pit.
  9211 | Lair:3   | Found a burning altar of Makhleb.
  9297 | Lair:3   | Received a gift from Trog
  9389 | Lair:3   | Found a hole to the Spider Nest.
  9393 | Lair:3   | Reached skill level 10 in Fighting
  9398 | Lair:3   | Reached skill level 1 in Evocations
  9683 | Lair:3   | Noticed an eight-headed hydra
  9691 | Lair:3   | Killed an eight-headed hydra
  9939 | Lair:3   | Found a white marble altar of Elyvilon.
 10603 | Lair:4   | Reached XP level 12. HP: 110/110 MP: 7/14
 10868 | Lair:4   | Noticed a six-headed hydra
 10876 | Lair:4   | Killed a six-headed hydra
 12314 | Lair:5   | Found a staircase to the Elven Halls.
 12846 | Lair:6   | Entered Level 6 of the Lair of Beasts
 12854 | Lair:6   | Reached skill level 15 in Fighting
 12857 | Lair:6   | Noticed a seven-headed hydra
 12862 | Lair:6   | Reached skill level 5 in Dodging
 13042 | Lair:6   | Killed a seven-headed hydra
 13053 | Lair:5   | HP: 2/119 [poisoned by a black mamba]
 13059 | Lair:5   | Reached XP level 13. HP: 43/126 MP: 7/15
 13632 | Lair:6   | Received a gift from Trog
 14067 | Lair:6   | Reached skill level 10 in Dodging
 14856 | Lair:6   | Found a sparkling altar of Nemelex Xobeh.
 15610 | D:8      | Received a gift from Trog
 15653 | D:8      | Found Forolim's Antique Weapon Shoppe.
 16803 | D:9      | Found a shimmering altar of Xom.
 17199 | D:9      | Reached XP level 14. HP: 112/135 MP: 8/16
 17329 | D:9      | Found Oxupt's Armour Boutique.
 17336 | D:9      | Bought the cursed +0 plate armour of Barnacled Amelioration
                  | {rN+ Int-4 Dex+10 SInv} for 576 gold pieces
 17347 | D:9      | Got a dazzling trident
 17349 | D:9      | Identified the +4 trident "Minotaur's Regret" {pain, rC+
                  | Int+3 SInv} (You found it on level 9 of the Dungeon)
 17782 | D:10     | Entered Level 10 of the Dungeon
 18404 | D:10     | Received a gift from Trog
 18445 | D:11     | Noticed Nergalle
 18452 | D:11     | Killed Nergalle
 18543 | D:11     | Got an ebony war axe
 18544 | D:11     | Identified the +5 war axe of Winter {flame, Int+3} (You
                  | found it on level 11 of the Dungeon)
 18835 | D:11     | HP: 5/135 [eight-headed hydra (5)]
 19337 | D:11     | Found a staircase to the Orcish Mines.
 19353 | D:11     | Found a roughly hewn altar of Beogh.
 19808 | D:11     | Found a gate to the Vaults.
 19968 | D:12     | Entered Level 12 of the Dungeon
 20014 | D:12     | Lost intelligence.
 20182 | D:12     | Received a gift from Trog
 20193 | D:12     | Lost intelligence.
 20518 | D:12     | Found a staircase to the Depths.
 21081 | Orc      | Entered the Orcish Mines
 21172 | Orc      | Found a roughly hewn altar of Beogh.
 21217 | Orc      | Found a roughly hewn altar of Beogh.
 21327 | Orc      | Found a roughly hewn altar of Beogh.
 21517 | Orc      | Found Ereax's Book Emporium.
 21542 | Orc      | Found a viscous altar of Jiyva.
 21546 | Orc      | Found a staircase to the Slime Pits.
 21667 | Orc      | Noticed an orc warlord
 21672 | Orc      | Reached XP level 15. HP: 141/141 MP: 17/17
 21676 | Orc      | Received a gift from Trog
 21693 | Orc      | Killed an orc warlord
 21797 | Orc      | Found a roughly hewn altar of Beogh.
 21798 | Orc      | Found Culud's Assorted Antiques.
 21824 | Orc      | Bought a scroll of teleportation for 90 gold pieces
 21824 | Orc      | Bought 2 white potions for 54 gold pieces
 21824 | Orc      | Bought a fuming golden potion for 27 gold pieces
 21845 | Orc      | Found Fauts's Antique Armour Emporium.
 21846 | Orc      | Found a roughly hewn altar of Beogh.
 21852 | Orc      | Found Diah's Antique Weapon Shoppe.
 21859 | Orc      | Bought a pair of glowing gloves for 150 gold pieces
 21968 | Orc      | Found a roughly hewn altar of Beogh.
 22056 | Orc      | Found a roughly hewn altar of Beogh.
 22078 | Orc      | Found Yshait's Distillery.
 22085 | Orc      | Bought a potion of curing for 40 gold pieces
 22085 | Orc      | Bought a potion of curing for 40 gold pieces
 22085 | Orc      | Bought 2 potions of heal wounds for 160 gold pieces
 22085 | Orc      | Bought a potion of curing for 40 gold pieces
 22085 | Orc      | Bought a potion of brilliance for 64 gold pieces
 22085 | Orc      | Bought a potion of agility for 64 gold pieces
 22085 | Orc      | Bought 2 potions of haste for 320 gold pieces
 22214 | D:9      | Bought the -1 cloak of the Moon {-Cast MP+9 Dex+4 Slay+2}
                  | for 422 gold pieces
 22379 | Slime:1  | Entered Level 1 of the Pits of Slime
 23459 | Slime:1  | Noticed an acid blob
 23468 | Slime:1  | Killed an acid blob
 23545 | Slime:1  | Noticed an acid blob
 25077 | Slime:1  | Killed an acid blob
 25078 | Slime:1  | Reached skill level 15 in Armour
 26569 | Slime:2  | Noticed an acid blob
 26578 | Slime:2  | Killed an acid blob
 26683 | Slime:2  | Noticed an azure jelly
 26691 | Slime:2  | Killed an azure jelly
 26692 | Slime:2  | Reached skill level 15 in Dodging
 26697 | Slime:2  | Noticed an azure jelly
 26714 | Slime:2  | Killed an azure jelly
 27011 | Slime:2  | Noticed an acid blob
 27027 | Slime:2  | HP: 7/141 [acid (8)]
 27028 | Slime:2  | Killed from afar by an acid blob

Skill      XL: |  1  2  3  4  5  6  7  8  9 10 11 12 13 14 15 |
---------------+----------------------------------------------+-----
Fighting       | 4 7 9 11 15 | 15.4
Polearms       | 4 7 10 12 | 12.0
Stealth        | 1 2 |  2.0
Armour         | 3 4 5 8 10 12 14 15 | 15.0
Dodging        | 3 4 7 11 13 15 | 15.0
Staves         | 2 9 12 14 | 14.4
Evocations     | 4 |  4.0

Action                   |  1- 3 |  4- 6 |  7- 9 | 10-12 | 13-15 || total
-------------------------+-------+-------+-------+-------+-------++-------
Melee: Spear             |   108 |    50 |   296 |       |       ||   454
       Headbutt          |     8 |     9 |    60 |    95 |   273 ||   445
       Quarterstaff      |       |       |    27 |   486 |   293 ||   806
       Lajatang          |       |       |       |       |   111 ||   111
       Trident           |       |       |       |       |   744 ||   744
Invok: Berserk           |     1 |     2 |     8 |    18 |    27 ||    56
       Brothers in Arms  |       |       |       |     2 |     4 ||     6
       Trog's Hand       |       |       |       |       |     5 ||     5
  Use: Scroll            |     1 |       |     7 |     5 |    13 ||    26
       Potion            |       |       |       |     4 |     8 ||    12
 Stab: Sleeping          |     4 |     1 |       |       |       ||     5
       Distracted        |       |       |       |     1 |       ||     1
  Eat: Chunk             |     7 |     6 |    18 |    28 |    44 ||   103
       Ration            |       |       |     1 |     4 |    12 ||    17
Armor: Animal skin       |     7 |     3 |     1 |       |       ||    11
       Scale mail        |       |       |    49 |   149 |    95 ||   293
       Skin              |       |       |       |     1 |     6 ||     7
       Chain mail        |       |       |       |       |   101 ||   101
       Plate armour      |       |       |       |       |    88 ||    88
Dodge: Dodged            |    39 |    16 |    96 |   216 |   513 ||   880
